3AAA
PENNSAUKEN FLYERS @ PAWNEE PARKSNREC
07/27/2039
 
TOP OF THE 1ST
Pennsauken Flyers batting - Pitching for Pawnee ParksNRec : RHP Aki Kiridoshi
Pitching: RHP Aki Kiridoshi
Batting: RHB Kian Curling 0-0: Ball
1-0: Called Strike
1-1: Ball
2-1: Ball
3-1: Ground out 4-3 (Groundball, 4M, EV 103.8 MPH)
Batting: LHB Masamune Ueda 0-0: Called Strike
0-1: Ball
1-1: Ball
2-1: Foul Ball, location: 2F
2-2: Strikes out looking
Batting: SHB Félix Medina 0-0: Foul Ball, location: 2F
0-1: Called Strike
0-2: Ground out 4-3 (Groundball, 4, EV 102.5 MPH)
Top of the 1st over - 0 runs, 0 hits, 0 errors, 0 left on base; Pennsauken 0 - Pawnee 0
BOTTOM OF THE 1ST
Pawnee ParksNRec batting - Pitching for Pennsauken Flyers : RHP Dong-hua Hao
Pitching: RHP Dong-hua Hao
Batting: RHB Charles Atkinson 0-0: Foul Ball, location: 2F
0-1: Ball
1-1: Foul Ball, location: 2F
1-2: Ball
2-2: Strikes out looking
Batting: RHB Josh Mawdesley 0-0: Swinging Strike
0-1: Ball
1-1: Foul Ball, location: 2F
1-2: Strikes out swinging
Batting: RHB Dan Vanblarcom 0-0: Ball
1-0: Ball
2-0: Ball
3-0: Base on Balls
Batting: RHB Chip Mullaney 0-0: Ball
1-0: Ball
2-0: SINGLE (Groundball, 6MD, EV 102.5 MPH)
Dan Vanblarcom to second
Batting: RHB Layton Arntsen 0-0: Called Strike
0-1: Fly out, F7 (Flyball, 7LMF, EV 85.6 MPH)
Bottom of the 1st over - 0 runs, 1 hit, 0 errors, 2 left on base; Pennsauken 0 - Pawnee 0
TOP OF THE 2ND
Pennsauken Flyers batting - Pitching for Pawnee ParksNRec : RHP Aki Kiridoshi
Batting: LHB Murray Sperber 0-0: Called Strike
0-1: Ball
1-1: Foul Ball, location: 2F
1-2: Ball
2-2: Ball
3-2: Base on Balls
Batting: RHB Bras Castanheta 0-0: Ball
1-0: Ball
Pickoff Throw by Catcher to First - Error! E2
Murray Sperber to second
2-0: Called Strike
2-1: Ball
3-1: Foul Ball, location: 2F
3-2: Foul Ball, location: 2F
3-2: Ground out 6-3 (Groundball, 6, EV 83.1 MPH)
Murray Sperber to third
Batting: LHB Felipe Dávila 0-0: Ground out 1-3 (Groundball, 23, EV 86.2 MPH)
Batting: RHB Manuel Vallejo 0-0: Ball
1-0: SINGLE (Line Drive, 6MD, EV 100.0 MPH)
Murray Sperber scores
Batting: RHB Kasper Schuilenberg 0-0: Ball
1-0: Called Strike
1-1: Ground out 6-3 (Groundball, 4M, EV 85.6 MPH)
Top of the 2nd over - 1 run, 1 hit, 1 error, 1 left on base; Pennsauken 1 - Pawnee 0
BOTTOM OF THE 2ND
Pawnee ParksNRec batting - Pitching for Pennsauken Flyers : RHP Dong-hua Hao
Batting: RHB Ken Bone 0-0: Called Strike
0-1: Foul Ball, location: 2F
0-2: Reached on error, E2 (Groundball, 13S, EV 72.5 MPH)
Batting: RHB Ashton Bailey 0-0: Called Strike
0-1: Ball
1-1: Foul Ball, location: 2F
1-2: Strikes out swinging
Batting: RHB Wen-hua Zhŕo 0-0: Ball
1-0: Ground out 4-3 (Groundball, 4, EV 99.4 MPH)
Ken Bone to third
Batting: RHB Bill Perkins 0-0: Called Strike
0-1: Ball
1-1: Foul Ball, location: 2F
1-2: Foul Ball, location: 2F
1-2: Ball
2-2: Ball
Wild Pitch!
Ken Bone scores
3-2: Strikes out swinging
Bottom of the 2nd over - 1 run, 0 hits, 1 error, 0 left on base; Pennsauken 1 - Pawnee 1
TOP OF THE 3RD
Pennsauken Flyers batting - Pitching for Pawnee ParksNRec : RHP Aki Kiridoshi
Batting: SHB Jesús Román 0-0: Called Strike
0-1: Ball
1-1: Ground out 5-3 (Groundball, 56, EV 81.9 MPH)
Batting: RHB Kian Curling 0-0: Called Strike
0-1: Called Strike
0-2: Ball
1-2: Ball
2-2: Ball
3-2: Foul Ball, location: 2F
3-2: DOUBLE (Line Drive, 3D, EV 96.2 MPH)
Batting: LHB Masamune Ueda 0-0: Ball
1-0: Ball
2-0: Swinging Strike
2-1: Foul Ball, location: 2F
2-2: Fly out, F9 (Flyball, 9LS, EV 86.9 MPH)
Batting: SHB Félix Medina 0-0: Ball
1-0: Ball
2-0: Ball
3-0: Called Strike
3-1: Base on Balls
Batting: LHB Murray Sperber 0-0: Ground out U3 (Groundball, 34, EV 89.4 MPH)
Top of the 3rd over - 0 runs, 1 hit, 0 errors, 2 left on base; Pennsauken 1 - Pawnee 1
BOTTOM OF THE 3RD
Pawnee ParksNRec batting - Pitching for Pennsauken Flyers : RHP Dong-hua Hao
Batting: RHB Charles Atkinson 0-0: Ball
1-0: Called Strike
1-1: Called Strike
1-2: Foul Ball, location: 2F
1-2: Fly out, F8 (Line Drive, 8RM, EV 98.8 MPH)
Batting: RHB Josh Mawdesley 0-0: Ball
1-0: Ball
2-0: Called Strike
2-1: Ball
3-1: Called Strike
3-2: Base on Balls
Batting: RHB Dan Vanblarcom 0-0: Fly out, F5 (Line Drive, 5, EV 70.0 MPH)
Batting: RHB Chip Mullaney 0-0: Ball
1-0: Called Strike
1-1: Swinging Strike
1-2: Ball
2-2: DOUBLE (Groundball, 5L, EV 96.9 MPH)
Josh Mawdesley to third
Runner from 3rd tries for Home, SAFE, no throw by LF
Pinch Runner at 2nd Bartolo Álvarez:
Batting: RHB Layton Arntsen 0-0: Ball
1-0: Swinging Strike
1-1: Called Strike
1-2: Ball
2-2: Foul Ball, location: 2F
2-2: Ball
3-2: Fly out, F8 (Line Drive, 8RD, EV 94.4 MPH)
Bottom of the 3rd over - 1 run, 1 hit, 0 errors, 1 left on base; Pennsauken 1 - Pawnee 2
TOP OF THE 4TH
Pennsauken Flyers batting - Pitching for Pawnee ParksNRec : RHP Aki Kiridoshi
Now in LF: Bartolo Álvarez
Batting: RHB Bras Castanheta 0-0: Called Strike
0-1: Swinging Strike
0-2: Strikes out swinging
Batting: LHB Felipe Dávila 0-0: Called Strike
0-1: Ground out 1-3 (Groundball, 13, EV 87.5 MPH)
Batting: RHB Manuel Vallejo 0-0: Swinging Strike
0-1: Fly out, F3 (Popup, 3L, EV 71.2 MPH)
Top of the 4th over - 0 runs, 0 hits, 0 errors, 0 left on base; Pennsauken 1 - Pawnee 2
BOTTOM OF THE 4TH
Pawnee ParksNRec batting - Pitching for Pennsauken Flyers : RHP Dong-hua Hao
Batting: RHB Ken Bone 0-0: Foul Ball, location: 2F
0-1: Ball
1-1: Ball
2-1: Ground out 4-3 (Groundball, 4, EV 82.5 MPH)
Batting: RHB Ashton Bailey 0-0: Ball
1-0: Foul Ball, location: 2F
1-1: Ground out 6-3 (Groundball, 56, EV 86.2 MPH)
Batting: RHB Wen-hua Zhŕo 0-0: Foul Ball, location: 2F
0-1: Ball
1-1: Foul Ball, location: 2F
1-2: Strikes out swinging
Bottom of the 4th over - 0 runs, 0 hits, 0 errors, 0 left on base; Pennsauken 1 - Pawnee 2
TOP OF THE 5TH
Pennsauken Flyers batting - Pitching for Pawnee ParksNRec : RHP Aki Kiridoshi
Batting: RHB Kasper Schuilenberg 0-0: Ball
1-0: Foul Ball, location: 2F
1-1: Fly out, F8 (Flyball, 89S, EV 75.6 MPH)
Batting: SHB Jesús Román 0-0: Ball
1-0: Called Strike
1-1: Ball
2-1: Foul Ball, location: 2F
2-2: Ball
3-2: SINGLE (Line Drive, 5D, EV 95.0 MPH)
Batting: RHB Kian Curling 0-0: Ball
1-0: Ball
2-0: SINGLE (Groundball, 2L, EV 70.6 MPH) (infield hit)
Jesús Román to second
Batting: LHB Masamune Ueda 0-0: Ball
1-0: 3-RUN HOME RUN (Flyball, 89XD, EV 105.6 MPH), Distance : 425 ft
Batting: SHB Félix Medina 0-0: Called Strike
0-1: Ground out 3-1 (Groundball, 34, EV 79.4 MPH)
Batting: LHB Murray Sperber 0-0: Foul Ball, location: 2F
0-1: Swinging Strike
0-2: Ball
1-2: Ball
2-2: Foul Ball, location: 2F
2-2: Foul Ball, location: 2F
2-2: Ball
3-2: SOLO HOME RUN (Flyball, 89XD, EV 90.0 MPH), Distance : 416 ft
Pitching: LHP Pedro Pérez
Batting: RHB Bras Castanheta 0-0: Called Strike
0-1: Foul Ball, location: 2F
0-2: Foul Ball, location: 2F
0-2: Strikes out looking
Top of the 5th over - 4 runs, 4 hits, 0 errors, 0 left on base; Pennsauken 5 - Pawnee 2
BOTTOM OF THE 5TH
Pawnee ParksNRec batting - Pitching for Pennsauken Flyers : RHP Dong-hua Hao
Batting: RHB Bill Perkins 0-0: Fly out, F6 (Line Drive, 6, EV 68.8 MPH)
Batting: RHB Charles Atkinson 0-0: Foul Ball, location: 2F
0-1: Swinging Strike
0-2: Ball
1-2: Strikes out swinging
Batting: RHB Josh Mawdesley 0-0: Called Strike
0-1: Called Strike
0-2: Ground out 5-3 (Groundball, 56, EV 101.2 MPH)
Bottom of the 5th over - 0 runs, 0 hits, 0 errors, 0 left on base; Pennsauken 5 - Pawnee 2
TOP OF THE 6TH
Pennsauken Flyers batting - Pitching for Pawnee ParksNRec : LHP Pedro Pérez
Batting: LHB Felipe Dávila 0-0: Foul Ball, location: 2F
0-1: SINGLE (Flyball, 7LS, EV 85.0 MPH)
Batting: RHB Manuel Vallejo 0-0: Bunt missed!
0-1: Bunted foul
0-2: Ball
1-2: Ball
2-2: Foul Ball, location: 2F
2-2: Foul Ball, location: 2F
2-2: Ball
3-2: Strikes out swinging
Batting: RHB Kasper Schuilenberg 0-0: Called Strike
0-1: Ball
1-1: Fly out, F9 (Flyball, 9, EV 75.6 MPH)
Batting: SHB Jesús Román 0-0: Ball
1-0: Called Strike
1-1: Ball
2-1: Called Strike
2-2: Foul Ball, location: 2F
2-2: Ball
3-2: SINGLE (Groundball, 3D, EV 107.5 MPH)
Felipe Dávila to second
Felipe Dávila to third
Batting: RHB Kian Curling 0-0: Ball
1-0: Ball
2-0: Called Strike
2-1: Ball
3-1: Base on Balls
Jesús Román to second
Batting: LHB Masamune Ueda 0-0: Foul Ball, location: 2F
0-1: TRIPLE (Flyball, 89XD, EV 112.5 MPH)
Felipe Dávila scores
Jesús Román scores
Kian Curling scores
Batting: SHB Félix Medina 0-0: TRIPLE (Flyball, 78XD, EV 95.0 MPH)
Masamune Ueda scores
Pinch Runner at 3rd José Ortega:
Batting: LHB Murray Sperber 0-0: Ball
1-0: Fly out, F8 (Line Drive, 8RD, EV 103.8 MPH)
Top of the 6th over - 4 runs, 4 hits, 0 errors, 1 left on base; Pennsauken 9 - Pawnee 2
BOTTOM OF THE 6TH
Pawnee ParksNRec batting - Pitching for Pennsauken Flyers : RHP Dong-hua Hao
Now at 2B: Adam Wiltern
Batting: RHB Dan Vanblarcom 0-0: Ground out 6-3 (Groundball, 6, EV 88.8 MPH)
Batting: RHB Bartolo Álvarez 0-0: Foul Ball, location: 2F
0-1: Fly out, F9 (Flyball, 9LMF, EV 85.0 MPH)
Batting: RHB Layton Arntsen 0-0: SINGLE (Groundball, 6D, EV 103.1 MPH)
Batting: RHB Ken Bone 0-0: Called Strike
0-1: Called Strike
0-2: Ball
1-2: Strikes out swinging
Bottom of the 6th over - 0 runs, 1 hit, 0 errors, 1 left on base; Pennsauken 9 - Pawnee 2
TOP OF THE 7TH
Pennsauken Flyers batting - Pitching for Pawnee ParksNRec : LHP Pedro Pérez
Pinch Hitting: RHB Alan Hubbard 0-0: Called Strike
0-1: Ball
1-1: Ball
2-1: Ball
3-1: Called Strike
3-2: Base on Balls
Pinch Hitting: RHB Joshua Neal 0-0: Ball
1-0: Swinging Strike
1-1: Ball
2-1: Reached on error, E5 (Groundball, 5, EV 88.8 MPH)
Alan Hubbard to second
Batting: RHB Manuel Vallejo 0-0: Ball
1-0: Fielders Choice at 2nd, 6-4 (Groundball, 6, EV 84.4 MPH)
Alan Hubbard to third
Batting: RHB Kasper Schuilenberg 0-0: Ball
Manuel Vallejo steals 2nd base
1-0: Ground out 4-3 (Groundball, 4, EV 103.8 MPH)
Alan Hubbard scores
Manuel Vallejo to third
Batting: SHB Jesús Román 0-0: Called Strike
0-1: Ball
1-1: Ball
2-1: Foul Ball, location: 2F
2-2: Strikes out swinging
Top of the 7th over - 1 run, 0 hits, 1 error, 1 left on base; Pennsauken 10 - Pawnee 2
BOTTOM OF THE 7TH
Pawnee ParksNRec batting - Pitching for Pennsauken Flyers : RHP Dong-hua Hao
Now at 1B: Michael Cochran
Now at 3B: Alan Hubbard
Pinch Hitting: RHB Dale Clark 0-0: Ball
1-0: Ball
2-0: Ball
3-0: Base on Balls
Batting: RHB Wen-hua Zhŕo 0-0: Called Strike
0-1: Ball
1-1: Fly out, F9 (Flyball, 9S, EV 91.9 MPH)
Batting: RHB Bill Perkins 0-0: Ball
1-0: Called Strike
1-1: Foul Ball, location: 2F
1-2: Strikes out swinging
Pinch Hitting: RHB António Salas 0-0: Called Strike
0-1: Swinging Strike
0-2: Ball
1-2: Strikes out looking
Bottom of the 7th over - 0 runs, 0 hits, 0 errors, 1 left on base; Pennsauken 10 - Pawnee 2
TOP OF THE 8TH
Pennsauken Flyers batting - Pitching for Pawnee ParksNRec : LHP Pedro Pérez
Now at SS: Dale Clark
Now in CF: António Salas
Batting: RHB Kian Curling 0-0: Ground out 4-3 (Groundball, 4, EV 107.5 MPH)
Batting: LHB Masamune Ueda 0-0: Ball
1-0: Called Strike
1-1: Foul Ball, location: 2F
1-2: Foul Ball, location: 2F
1-2: Strikes out swinging
Batting: RHB Adam Wiltern 0-0: Fly out, F4 (Popup, 4M, EV 75.6 MPH)
Top of the 8th over - 0 runs, 0 hits, 0 errors, 0 left on base; Pennsauken 10 - Pawnee 2
BOTTOM OF THE 8TH
Pawnee ParksNRec batting - Pitching for Pennsauken Flyers : RHP Dong-hua Hao
Pitching: RHP J.J. Spencer
Pinch Hitting: RHB Gilberto Ramírez 0-0: Fly out, F3 (Line Drive, 3, EV 64.4 MPH)
Batting: RHB Dan Vanblarcom 0-0: Ball
1-0: Foul Ball, location: 2F
1-1: Foul Ball, location: 2F
1-2: Ball
2-2: Foul Ball, location: 2F
2-2: Ground out 5-3 (Groundball, 56, EV 86.2 MPH)
Batting: RHB Bartolo Álvarez 0-0: Ball
1-0: Foul Ball, location: 2F
1-1: Foul Ball, location: 2F
1-2: Strikes out swinging
Bottom of the 8th over - 0 runs, 0 hits, 0 errors, 0 left on base; Pennsauken 10 - Pawnee 2
TOP OF THE 9TH
Pennsauken Flyers batting - Pitching for Pawnee ParksNRec : LHP Pedro Pérez
Pitching: RHP Anthony Lang
Now in RF: Gilberto Ramírez
Batting: LHB Murray Sperber 0-0: Called Strike
0-1: Foul Ball, location: 2F
0-2: Foul Ball, location: 2F
0-2: Ball
1-2: Strikes out swinging
Batting: RHB Alan Hubbard 0-0: Fly out, F9 (Line Drive, 9, EV 91.9 MPH)
Batting: LHB Michael Cochran 0-0: Ball
1-0: Ball
2-0: Called Strike
2-1: Called Strike
2-2: Ball
3-2: Foul Ball, location: 2F
3-2: Base on Balls
Batting: RHB Manuel Vallejo 0-0: Swinging Strike
0-1: Ball
1-1: Ball
2-1: Called Strike
2-2: SINGLE (Groundball, 56D, EV 104.4 MPH)
Michael Cochran to second
Batting: RHB Kasper Schuilenberg 0-0: Called Strike
0-1: Ball
1-1: Called Strike
1-2: Ball
2-2: Strikes out swinging
Top of the 9th over - 0 runs, 1 hit, 0 errors, 2 left on base; Pennsauken 10 - Pawnee 2
BOTTOM OF THE 9TH
Pawnee ParksNRec batting - Pitching for Pennsauken Flyers : RHP J.J. Spencer
Pinch Hitting: LHB Mike O'Neil 0-0: Foul Ball, location: 2F
0-1: SINGLE (Flyball, 56D, EV 95.6 MPH)
Pitching: RHP Claudio Martínez
Batting: RHB Ken Bone 0-0: Ball
1-0: Called Strike
1-1: Fielders Choice at 2nd, 3-6 (Groundball, 3, EV 87.5 MPH)
Batting: RHB Dale Clark 0-0: Ball
1-0: Called Strike
1-1: Ball
2-1: Fielders Choice at 2nd, 6-4 (Groundball, 56D, EV 79.4 MPH)
Batting: RHB Wen-hua Zhŕo 0-0: Called Strike
0-1: Ball
1-1: Ball
2-1: Ground out 5-3 (Groundball, 56S, EV 86.9 MPH)
Bottom of the 9th over - 0 runs, 1 hit, 0 errors, 1 left on base; Pennsauken 10 - Pawnee 2
Wednesday, July 8th, 2020 - OOTP Baseball 20.8 Build 74